Map: Catalyst LE

Players

Sanji

  • Race: Terran Terran
  • League: Master
  • Spawn Location: 5:00

llllllllllll - Winner!

  • Race: Terran Terran
  • League: Grandmaster
  • Spawn Location: 11:00

VOD

Have the link to the VOD?

Description

Time

  • Played on: Jan. 4, 2018, 5:30 p.m.
  • Length: 18:48
Show
View Real Time Build Order
Export as new Build Order

Sanji Terran 

Build Orders: Cyclone Opening, Mech 

Get SALT Encoding   

  12  0:01  SCV  
  13  0:13  SCV  
  14  0:18  Supply Depot  
  14  0:25  SCV  
  15  0:30  Refinery  
  15  0:40  SCV  
  16  0:47  Barracks  
  16  0:52  SCV  
  17  1:04  SCV  
  18  1:16  SCV  
  19  1:29  SCV  
  20  1:35  Reaper  
  21  1:41  Orbital Command  
  21  1:47  Command Center  
  21  1:56  Refinery  
  21  2:07  Factory, SCV  
  22  2:12  Barracks Reactor  
  22  2:17  Supply Depot  
  22  2:19  SCV  
  23  2:38  SCV  
  24  2:50  SCV  
  25  2:58  Cyclone x2  
  31  3:01  Orbital Command  
  30  3:14  SCV  
  30  3:15  Supply Depot  
  31  3:27  SCV  
  31  3:28  SCV  
  31  3:30  Orbital Command, Cyclone x2  
  39  3:40  SCV  
  40  4:02  Cyclone  
  43  4:06  SCV  
  43  4:07  Command Center, SCV  
  45  4:10  Supply Depot  
  45  4:14  Cyclone  
  48  4:19  SCV x2  
  48  4:22  Refinery  
  48  4:23  Refinery  
  47  4:31  SCV  
  48  4:37  Cyclone  
  45  4:39  SCV  
  45  4:43  SCV  
  47  4:49  Cyclone  
  50  4:53  SCV  
  50  4:55  SCV  
  52  5:03  Engineering Bay  
  52  5:05  SCV  
  53  5:07  SCV  
  53  5:14  Cyclone  
  57  5:15  Supply Depot  
  57  5:17  SCV  
  57  5:19  SCV  
  55  5:30  SCV  
  55  5:34  Cyclone  
  59  5:37  Missile Turret  
  59  5:38  Supply Depot  
  59  5:40  Missile Turret  
  59  5:44  Orbital Command  
  59  5:46  SCV x2  
  61  5:53  Factory  
  61  5:57  Factory  
  61  5:58  SCV x2  
  62  6:10  SCV  
  64  6:13  Cyclone  
  64  6:17  Cyclone  
  70  6:20  SCV  
  70  6:22  SCV  
  71  6:27  Starport  
  71  6:32  SCV  
  72  6:34  Orbital Command, SCV  
  72  6:37  Factory Tech Lab  
  73  6:41  Factory Tech Lab  
  73  6:44  SCV  
  73  6:46  SCV  
  75  6:55  Refinery  
  75  6:57  SCV  
  75  6:58  Siege Tank  
  75  6:59  Hellion, SCV  
  75  7:00  Refinery, Hellion  
  84  7:01  Sensor Tower  
  84  7:03  SCV  
  85  7:09  SCV  
  85  7:11  Armory  
  85  7:12  Starport Reactor  
  85  7:14  SCV  
  85  7:15  SCV  
  88  7:21  SCV  
  89  7:23  Siege Tank  
  89  7:26  SCV  
  93  7:31  Supply Depot  
  93  7:33  Hellion  
  93  7:35  Armory  
  95  7:37  SCV x2  
  95  7:39  SCV  
  95  7:42  Supply Depot  
  98  7:46  Supply Depot  
  98  7:49  SCV x2  
  98  7:51  SCV  
  101  7:56  Sensor Tower  
  100  8:09  Hellion, Siege Tank x2  
  100  8:10  Hellion, SCV x2  
  109  8:24  Hellion x2  
  109  8:33  Hellion x2  
  113  8:36  SCV x2  
  113  8:37  Terran Vehicle Weapons Level 1  
  113  8:39  Viking x2  
  118  8:48  SCV  
  118  8:49  SCV  
  118  8:51  Siege Tank  
  118  8:55  Hellion  
  125  9:02  Supply Depot  
  124  9:03  Supply Depot  
  124  9:04  SCV  
  124  9:05  SCV  
  124  9:07  Refinery x2  
  124  9:09  Siege Tank  
  110  9:25  Siege Tank  
  110  9:26  Hellion x2, SCV x2  
  110  9:30  Viking x2  
  123  9:32  Orbital Command  
  123  9:38  SCV x2  
  123  9:43  Sensor Tower  
  125  9:50  SCV  
  125  9:51  SCV  
  125  9:52  Siege Tank  
  130  9:53  Hellion x2  
  130  9:57  SCV  
  135  10:03  SCV  
  130  10:13  Viking, Siege Tank  
  130  10:14  Viking  
  134  10:15  SCV x2  
  134  10:17  SCV  
  137  10:21  Factory  
  137  10:22  Factory  
  137  10:29  Siege Tank  
  137  10:34  Supply Depot  
  137  10:35  Supply Depot  
  140  10:36  Supply Depot  
  140  10:37  Missile Turret x2  
  140  10:38  Missile Turret  
  140  10:42  Missile Turret  
  140  10:43  Missile Turret  
  140  10:45  Supply Depot x2, Siege Tank, Missile Turret  
  140  10:46  Hellion x2  
  147  10:59  Viking  
  147  11:00  Viking  
  147  11:01  Siege Tank  
  154  11:17  Factory Tech Lab  
  154  11:18  Factory Reactor, Siege Tank  
  157  11:19  Hellion  
  157  11:20  Hellion  
  110  11:33  Siege Tank  
  110  11:38  Viking x2  
  106  11:41  Command Center, Siege Tank  
  106  11:46  Command Center, Infernal Pre-Igniter  
  109  11:50  Siege Tank  
  112  11:57  Missile Turret x2  
  112  11:59  Liberator x2  
  112  12:05  Siege Tank  
  115  12:10  SCV x2  
  115  12:17  Refinery, Hellion  
  115  12:21  Refinery, Hellion  
  123  12:23  SCV  
  124  12:30  Missile Turret  
  124  12:38  SCV x2  
  124  12:41  Terran Vehicle Weapons Level 2  
  126  12:45  Siege Tank, Orbital Command  
  125  12:58  Viking  
  125  12:59  SCV x2  
  129  13:22  Siege Tank x3  
  129  13:25  Liberator  
  129  13:26  Hellion x2  
  121  13:32  Viking  
  121  13:33  SCV  
  127  13:49  Orbital Command  
  127  13:50  SCV  
  127  13:54  Siege Tank x2  
  134  13:57  Supply Depot  
  134  13:59  Supply Depot  
  134  14:01  Refinery  
  134  14:02  Hellion x2  
  138  14:03  Refinery  
  138  14:12  SCV x2  
  140  14:17  Planetary Fortress  
  140  14:23  Sensor Tower, SCV  
  141  14:26  Sensor Tower  
  141  14:30  Missile Turret x2  
  141  14:31  Sensor Tower  
  141  14:36  SCV  
  141  14:37  SCV x2  
  141  14:38  SCV  
  145  14:40  Siege Tank x2  
  145  14:41  Siege Tank  
  145  14:45  Orbital Command  
  154  14:50  Viking x2  
  154  14:52  SCV  
  159  14:54  SCV  
  159  14:57  Terran Vehicle And Ship Armor Level 1  
  160  15:01  Orbital Command  
  160  15:02  Hellion x3  
  166  15:08  Starport  
  166  15:12  Siege Tank  
  155  15:27  Hellion x2, Siege Tank x2  
  155  15:28  Hellion  
  161  15:56  Viking x2  
  165  15:57  SCV x2  
  165  16:01  Orbital Command  
  167  16:08  Supply Depot  
  167  16:09  Supply Depot  
  167  16:11  Supply Depot  
  167  16:13  SCV x2  
  167  16:14  SCV  
  160  16:31  Viking x2  
  158  16:39  Terran Ship Weapons Level 1  
  158  16:42  Viking  
  158  16:46  SCV x2  
  162  16:49  Refinery  
  160  16:55  Liberator  
  160  17:01  Viking x2  
  160  17:04  Missile Turret  
  160  17:05  Missile Turret  
  160  17:06  Thor  
  169  17:19  Thor x2  
  181  17:35  Viking x2  
  173  17:40  Hellion  
  173  17:41  Hellion x3  
  181  17:55  Viking  
  183  18:03  Command Center  
Show
View Real Time Build Order
Export as new Build Order

llllllllllll Terran - Winner!

Build Orders: 1/1/1, Cyclone Opening, MMM Bio 

Get SALT Encoding   

  12  0:00  SCV  
  13  0:12  SCV  
  14  0:17  Supply Depot  
  14  0:24  SCV  
  14  0:27  Refinery  
  15  0:38  SCV  
  16  0:45  Barracks  
  16  0:51  SCV  
  16  0:55  Refinery  
  17  1:03  SCV  
  18  1:15  SCV  
  19  1:32  Orbital Command, Reaper  
  20  1:38  Factory  
  20  1:50  Supply Depot  
  20  1:59  SCV  
  21  2:04  Reaper  
  22  2:11  SCV  
  23  2:22  Cyclone  
  26  2:25  Starport  
  26  2:28  SCV  
  27  2:37  Barracks Tech Lab  
  27  2:39  Supply Depot  
  27  2:41  SCV  
  28  2:54  Cyclone  
  31  3:01  SCV  
  31  3:03  Supply Depot  
  32  3:13  SCV  
  32  3:15  Banshee  
  36  3:26  Cyclone  
  39  3:27  SCV  
  40  3:46  Command Center  
  40  3:48  Liberator  
  40  3:54  Barracks Reactor  
  40  3:55  SCV  
  41  3:56  Supply Depot  
  41  4:08  Factory Tech Lab  
  41  4:09  SCV  
  45  4:21  SCV  
  41  4:28  Siege Tank  
  44  4:33  SCV  
  45  4:39  Marine x2  
  45  4:45  Command Center, SCV  
  48  4:52  Medivac  
  50  4:58  Orbital Command  
  50  5:05  SCV  
  51  5:07  Siege Tank  
  51  5:12  Marine  
  51  5:13  Marine  
  56  5:19  SCV  
  57  5:26  SCV  
  58  5:31  SCV  
  59  5:39  SCV  
  59  5:41  Barracks x2  
  60  5:43  Refinery, SCV, Starport Reactor  
  60  5:44  Refinery  
  60  5:47  Marine  
  60  5:48  Stimpack  
  62  5:55  SCV x2  
  64  6:01  Orbital Command  
  64  6:05  Marine  
  64  6:08  SCV  
  64  6:09  Engineering Bay x2  
  66  6:26  Barracks  
  66  6:28  Starport Reactor  
  66  6:33  SCV x3  
  66  6:34  Barracks  
  66  6:35  Marine x4  
  73  6:41  Siege Tank  
  73  6:46  SCV x2  
  78  6:54  Marine  
  78  6:55  Marine x4  
  83  7:03  Orbital Command  
  83  7:05  Medivac, Terran Infantry Armor Level 1, Terran Infantry Weapons Level 1  
  85  7:10  Supply Depot  
  85  7:16  Supply Depot  
  85  7:19  Medivac, Siege Tank, SCV x2  
  85  7:20  Barracks Tech Lab  
  85  7:21  Barracks Tech Lab  
  92  7:29  SCV  
  93  7:32  SCV x2  
  93  7:36  Armory  
  95  7:40  Marauder x3  
  95  7:41  Marine x4  
  95  7:43  SCV  
  106  7:44  SCV x2  
  106  7:45  Supply Depot  
  106  7:48  Combat Shields  
  108  8:00  SCV  
  109  8:07  SCV x2  
  109  8:09  Marauder  
  109  8:10  Marauder x2  
  109  8:11  Concussive Shells  
  113  8:32  Marine x3, Marauder x3  
  117  8:40  Marine, SCV x3  
  121  8:41  Supply Depot  
  121  8:43  Supply Depot x2  
  121  8:54  Medivac x2, Starport  
  125  9:03  Marauder x3, SCV x2  
  125  9:04  Marine x4, SCV  
  125  9:06  Supply Depot  
  125  9:09  Supply Depot  
  137  9:14  Supply Depot  
  131  9:31  Viking x3  
  133  9:32  Siege Tank  
  133  9:33  Marine x2, Marauder  
  133  9:34  Marine x2, Marauder x2  
  150  9:43  SCV x3  
  150  9:45  Refinery  
  153  9:46  Refinery  
  153  9:55  SCV x2  
  153  9:56  SCV  
  156  10:06  Marine  
  156  10:07  Marine x3, Marauder x3  
  160  10:13  Siege Tank  
  160  10:14  Viking x3  
  162  10:15  SCV x2  
  162  10:16  SCV  
  162  10:18  Terran Infantry Armor Level 2, Terran Infantry Weapons Level 2  
  169  10:40  Supply Depot x2  
  169  10:44  Viking x2  
  169  10:46  Command Center  
  169  10:48  Sensor Tower, Terran Ship Weapons Level 1  
  173  10:55  Supply Depot, Viking  
  173  10:56  Supply Depot  
  170  11:19  Marine x2  
  170  11:20  Marine, Marauder x3  
  141  11:36  Marine  
  141  11:37  Marine x3, Viking, Siege Tank  
  141  11:38  Viking  
  153  11:41  Marauder x3  
  159  11:51  Fusion Core, Barracks x2  
  159  11:52  Starport Tech Lab, Barracks  
  157  11:55  Supply Depot  
  157  11:56  Liberator x2  
  157  12:01  Liberator  
  157  12:08  Marine x4, Marauder x3  
  173  12:20  Siege Tank  
  179  12:49  Refinery  
  175  12:51  Refinery  
  175  12:56  Advanced Ballistics, Viking x2  
  175  13:00  Starport  
  175  13:01  Viking  
  175  13:04  Command Center  
  177  13:12  Marauder x3  
  122  13:34  Marine x3, Marauder x2  
  122  13:35  Marine, Marauder  
  122  13:36  Viking x2, Siege Tank  
  122  13:37  Viking  
  122  13:39  Starport Reactor  
  138  13:42  Planetary Fortress  
  138  13:48  SCV x3  
  141  13:49  Sensor Tower  
  141  13:59  Marine x2, Marauder x2  
  141  14:00  Marine, Marauder, SCV x3  
  141  14:01  Marine  
  154  14:12  SCV x3  
  157  14:24  SCV x2  
  157  14:29  Planetary Fortress  
  159  14:36  Marine x4, Marauder x3  
  159  14:37  Barracks Tech Lab x2, Barracks Reactor  
  169  14:39  Viking x4  
  169  14:43  Viking  
  179  15:09  Marine x4, Marauder x5  
  187  15:18  Viking x4  
  187  15:19  Viking  
  190  15:45  Siege Tank  
  190  15:46  Marine x6  
  190  15:48  Marine, Viking, Marauder  
  200  15:51  Terran Infantry Weapons Level 3, Terran Infantry Armor Level 3  
  200  15:52  Terran Ship Weapons Level 2  
  200  16:13  Command Center  
  200  16:17  Command Center  
  179  16:32  Viking  
  179  16:33  Viking x4  
  179  16:34  Siege Tank  
  185  16:45  Liberator x2  
  185  16:46  Liberator x3  
  198  17:13  Marauder  
  200  17:28  Liberator x4, Sensor Tower  
  200  17:29  Liberator, Sensor Tower  
  194  17:35  Marine x3, Marauder x4  
  194  17:36  Marine x3, Marauder  
  165  17:39  Siege Tank  
  180  17:55  Refinery  
  180  17:56  Refinery x2, Marauder  
  180  17:57  Refinery, Marauder  
  184  18:13  Marine x3, Siege Tank, Marauder  
  184  18:14  Marine x2, Marauder x2  
Tags
 
Add a new tag
Caveats
  • Supply blocks, unpowered buildings, or Contaminate may cause inaccurate times.
  • Supply counts are checked every 10 seconds.